AoeStats
← Vakkil_Vandumurugan

African Clearing

510555067Analyzed
2v2 RM · 2d ago on Oct 1, 2026· 22m 13s· 4 players
Game mode
Random Map
Map size
Medium (4 player)
Population
200
Speed
Normal
Resources
Standard
Victory
Conquest
Starting age
Dark Age
Ending age
Imperial Age
RankedLock teamsTeams togetherTeam positionsShared explorationLock speedFull tech treeHidden civsTurbo modeCheats
Victory
Defeat
🇩🇪 Maya · Germany
1004
+15
🇮🇳 Varangians · India
973
+16
🇫🇷 Khmer · France
993
-16
🇮🇹 Italians · Italy
966
-15
avvo90
13:13 Feudal Age
23:27 Castle Age
22:31 Stone Mining
Shintao80
3:59 Loom
13:13 Feudal Age
13:56 Double-Bit Axe
20:26 Wheelbarrow
20:56 Fletching
Joe_N0T_Exotic
4:57 Loom
15:24 Feudal Age
17:47 Double-Bit Axe
20:05 Castle Age
19:27 Horse Collar
22:47 Bow Saw
Vakkil_Vandumurugan
3:26 Loom
13:56 Feudal Age
18:13 Castle Age
16:57 Fletching
18:22 Padded Archer Armor
Connection lost

Rejoining the realm…

Still unreachable

The connection could not be restored.

Session expired

The server has moved on; the page needs a fresh start.